 Dungeon Crawl Stone Soup version 0.30.0-5-g1a98f26d00 (webtiles) character file.

Game seed: 11446194235207831026

77024 qeuew the Basher (level 15, -10/93 HPs)
             Began as a Gargoyle Monk on May 8, 2023.
             Was an Elder of Cheibriados.
             Killed from afar by a lindwurm (22 damage)
             ... with a blast of flame
             ... on level 5 of the Lair of Beasts.
             The game lasted 00:22:51 (12932 turns).

qeuew the Basher (Gargoyle Monk)                   Turns: 12932, Time: 00:22:52

Health: -10/93     AC: 24    Str: 29    XL:     15   Next: 55%
Magic:  31/36      EV: 18    Int: 22    God:    Cheibriados [****..]
Gold:   1194       SH:  0    Dex: 24    Spells: 18/30 levels left

rFire   . . .        I - +4 flail (venom)
rCold   . . .        d - orb {light}
rNeg    + . .        y - +4 troll leather armour
rPois   ∞            w - +2 helmet {SInv}
rElec   +            (no cloak)
rCorr   .            (no gloves)
SInv    +            (no boots)
Will    ++...        a - amulet of regeneration
Stlth   +            f - ring of magical power
HPRegen 1.95/turn    e - ring of willpower
MPRegen 0.25/turn

%: clarity
@: flying, glowing, very slow
A: sickness immunity, AC +11, big wings, negative energy resistance 1,
electricity resistance, torment resistance 1, petrification resistance, clarity
a: Renounce Religion, Bend Time, Temporal Distortion, Slouch


You were on level 5 of the Lair of Beasts.
You worshipped Cheibriados.
Cheibriados was greatly pleased with you.
You visited 2 branches of the dungeon, and saw 16 of its levels.
You also visited: Ossuary.

You collected 1194 gold pieces.

Inventory:

Hand Weapons
 I - a +4 flail of venom (weapon)
Armour
 d - an orb of light (worn)
 w - a +2 helmet of see invisible (worn)
 y - a +4 troll leather armour (worn)
Jewellery
 a - an amulet of regeneration (around neck)
 e - a ring of willpower (right hand)
 f - a ring of magical power (left hand)
Wands
 g - a wand of mindburst (8)
 k - a wand of flame (46)
 o - a wand of roots (4) (quivered)
 v - a wand of digging (9)
 C - a wand of charming (19)
 E - a wand of polymorph (6)
Scrolls
 h - 11 scrolls of teleportation
 j - a scroll of enchant armour
 n - a scroll of magic mapping
 p - 3 scrolls of amnesia
 s - a scroll of fog
 x - 9 scrolls of identify
Potions
 b - 3 potions of flight
 c - 3 potions of ambrosia
 i - 3 potions of berserk rage
 l - 3 potions of cancellation
 q - 8 potions of curing
 t - 2 potions of heal wounds
 z - a potion of brilliance
 A - 2 potions of mutation
 B - 2 potions of might


   Skills:
 + Level 10.8 Fighting
 * Level 13.5 Maces & Flails
 + Level 10.2 Armour
 + Level 8.2 Dodging
 + Level 8.3 Spellcasting
 + Level 1.6 Summonings
 + Level 7.3 Earth Magic
 + Level 10.1 Invocations
 + Level 8.5 Evocations


You had 18 spell levels left.
You knew the following spells:

 Your Spells              Type           Power      Damage    Failure   Level
a - Lee's Rapid Deconstr  Erth           20%        3d12*     11%         5
b - Monstrous Menagerie   Summ           8%         N/A       100%        7

Your spell library contained the following spells:

 Spells                   Type           Power      Damage    Failure   Level
 Necrotise                Necr           36%        1d5       8%          1
 Shock                    Conj/Air       36%        1d5       8%          1
 Lesser Beckoning         Tloc           18%        N/A       12%         2
 Leda's Liquefaction      Hex/Erth       12%        N/A       17%         4
 Petrify                  Tmut/Erth      25%        N/A       17%         4
 Gell's Gravitas          Tloc           9%         N/A       24%         3
 Inner Flame              Hex/Fire       9%         N/A       24%         3
 Ozocubu's Armour         Ice            9%         N/A       24%         3
 Swiftness                Air            9%         N/A       24%         3
 Teleport Other           Tloc           9%         N/A       24%         3
 Vampiric Draining        Necr           9%         2d6       24%         3
 Summon Ice Beast         Ice/Summ       12%        N/A       50%         4
 Airstrike                Air            4%         2d(1-17)  61%         4
 Anguish                  Hex/Necr       4%         N/A       61%         4
 Animate Dead             Necr           9%         N/A       61%         4
 Cause Fear               Hex            4%         N/A       61%         4
 Flame Wave               Conj/Fire      9%         2d6       61%         4
 Sticky Flame             Conj/Fire      9%         2d3       61%         4
 Summon Mana Viper        Hex/Summ       12%        N/A       83%         5
 Agony                    Necr           9%         N/A       91%         5
 Irradiate                Conj/Tmut      4%         3d13      91%         5
 Metabolic Englaciation   Hex/Ice        4%         N/A       91%         5
 Simulacrum               Ice/Necr       4%         N/A       100%        6
 Enfeeble                 Hex            4%         N/A       100%        7
 Haunt                    Necr/Summ      6%         N/A       100%        7
 Infestation              Necr           4%         N/A       100%        8
 Sublimation of Blood     Necr           Unusable   N/A       N/A         2
 Statue Form              Tmut/Erth      Unusable   N/A       N/A         6

Dungeon Overview and Level Annotations

Branches:
Dungeon (11/15)            Temple (0/1) D:4            Lair (5/5) D:11
  Swamp (0/4) Lair:2        Snake (0/4) Lair:3          Orc (0/2) D:9
Ossuary (visited)
  Slime: Lair:4-5

Altars:
Ashenzari
Cheibriados
Gozag
Makhleb
Sif Muna
Trog
Uskayaw
Vehumet
Wu Jian
Xom
Yredelemnul

Shops:
D:5 (

Annotations:
D:8 1 runed translucent door
Lair:1 3 runed translucent doors, zlionsfan's ghost, journeyman DjWn


Innate Abilities, Weirdness & Mutations

You are immune to sickness and miasma.
Your stone body is resilient. (AC +11)
You are immune to poison.
Your large and strong wings let you fly.
You resist negative energy. (rN+)
You are resistant to electric shocks. (rElec)
You are resistant to unholy torment.
You are immune to petrification.
You possess an exceptional clarity of mind.


Message History

The death yak gores you!
* * * LOW HITPOINT WARNING * * *
Unknown command.
You feel much better. The death yak gores you.
* * * LOW HITPOINT WARNING * * *
Unknown command.
The water moccasin hisses angrily.
You sock the death yak!
The death yak is almost dead.
You hit the death yak.
The death yak looks as sick as possible!
The death yak is almost dead.
The death yak barely misses you.
You sock the death yak!
You kill the death yak!
Cheibriados appreciates the change of pace.
The water moccasin bites you but does no damage.
The water moccasin closely misses you.
You barely miss the water moccasin.
The water moccasin bites you but does no damage.
You sock the water moccasin!
The water moccasin is moderately wounded.
The water moccasin misses you.
A lindwurm comes into view.
The water moccasin bites you but does no damage.
The lindwurm roars!
You bludgeon the water moccasin!!
You kill the water moccasin!
Cheibriados thoroughly appreciates the change of pace.
Cheibriados raises the support of your attributes as your movement slows.
A lindwurm is nearby!
The lindwurm breathes flames at you. The blast of flame hits you!!
* * * LOW HITPOINT WARNING * * *
You see here a death yak corpse.
As you read the scroll of fog, it crumbles to dust.
The scroll dissolves into smoke.
The lindwurm breathes flames at you. The blast of flame hits you!!
You die...

.##P.Y...
.PP....## #...
....... ....
.....##.....
....P#....
#††...k.#
#...§..#
#§§§§..##
####§§@§...##.
#...§§§§###... .
#....§§####...
#.#..P.#.##.....
#.........#.#...
##..............
#..P..........#
.#.....##.....#
..
#....##......#
...


You could see a lindwurm (catching breath).

Vanquished Creatures
  Rupert (Lair:4)
  Kirke (Lair:4)
  Snorg (Lair:4)
  2 hydras
  2 boulder beetles
  8 death yaks
  2 catoblepae (Lair:4)
  5 two-headed ogres
  Sonja (Lair:1)
  A skyshark (Lair:5)
  The ghost of GonguanaGonguana the Destroyer, a novice MeEE of Cheibriados (D:9)
  Pikel (D:7)
  4 manticores
  3 cyclopes
  9 elephants
  Joseph (D:7)
  4 black mambas
  Maggie (D:8)
  A rime drake (Lair:5)
  11 cane toads
  A kobold demonologist (D:7)
  9 komodo dragons
  3 trolls
  Prince Ribbit (D:7)
  4 polar bears
  A hornet (D:7)
  6 dream sheep (Lair:5)
  17 blink frogs
  3 wyverns
  3 wraiths
  2 shadows
  36 yaks
  3 hogs (Lair:4)
  A steam dragon (D:9)
  7 basilisks
  Menkaure (D:7)
  Edmund (D:4)
  An acid dragon (D:9)
  13 water moccasins
  A sky beast (D:7)
  2 black bears
  5 orc warriors
  An ice beast (D:7)
  2 ogres
  10 wolves (Lair:1)
  7 centaurs
  2 lemures (D:7)
  A phantom (D:4)
  2 kobold brigands (D:10)
  7 bullfrogs
  2 gnoll sergeants
  7 scorpions
  A jelly (D:7)
  5 wights (D:7)
  16 killer bees
  2 howler monkeys
  4 orc priests
  A gnoll bouda (D:8)
  2 hounds
  2 sleepcaps (D:7)
  Ijyb (D:4)
  4 iguanas
  15 orc wizards
  7 hell rats (Lair:1)
  A mummy (Ossuary)
  10 gnolls
  6 adders
  3 white imps
  2 ufetubi
  5 worms
  3 dart slugs
  40 orcs
  5 spectral bats (Ossuary)
  4 ball pythons
  6 endoplasms
  7 giant cockroaches
  12 gnoll zombies (Ossuary)
  15 goblins
  5 hobgoblins
  5 jackals
  4 quokkas
  3 bats
  6 bat simulacra (Ossuary)
  5 frilled lizards
  2 goblin simulacra (Ossuary)
  6 goblin zombies (Ossuary)
  4 hobgoblin zombies (Ossuary)
  2 jackal zombies (D:8)
  16 kobolds
  2 kobold simulacra (Ossuary)
  3 kobold zombies (Ossuary)
  4 orc zombies (Ossuary)
  3 rats
  2 rat simulacra (Ossuary)
  2 spectral goblins (Ossuary)
  5 spectral rats (Ossuary)
480 creatures vanquished.

Vanquished Creatures (others)
  A howler monkey (D:9)
1 creature vanquished.

Grand Total: 481 creatures vanquished

Notes
Turn   | Place    | Note
-------+----------+-------------------------------------------
     0 | D:1      | qeuew the Gargoyle Monk began the quest for the Orb.
     0 | D:1      | Reached XP level 1. HP: 14/14 MP: 1/1
   187 | D:1      | Reached XP level 2. HP: 16/19 MP: 2/2
   346 | D:1      | Found a faded altar of an unknown god.
   350 | D:1      | Prayed at the altar of an unknown god.
   350 | D:1      | Became a worshipper of Cheibriados the Contemplative
   350 | D:1      | Reached * piety under Cheibriados
   350 | D:1      | Reached ** piety under Cheibriados
   518 | D:1      | Reached *** piety under Cheibriados
   519 | D:1      | Reached skill level 1 in Armour
   648 | D:1      | Reached XP level 3. HP: 13/23 MP: 3/3
   966 | D:2      | Reached XP level 4. HP: 23/29 MP: 4/4
  1369 | D:2      | Found a radiant altar of Vehumet.
  1515 | D:2      | Reached **** piety under Cheibriados
  1666 | D:3      | Found a bloodstained altar of Trog.
  1880 | D:3      | Reached skill level 4 in Maces & Flails
  1880 | D:3      | Reached skill level 1 in Invocations
  1901 | D:3      | Reached XP level 5. HP: 33/33 MP: 6/6
  2101 | D:3      | Gained mutation: You possess an exceptional clarity of
                  | mind. [potion of mutation]
  2173 | D:4      | Reached skill level 1 in Spellcasting
  2207 | D:4      | Noticed a phantom
  2213 | D:4      | Killed a phantom
  2214 | D:4      | Reached skill level 1 in Evocations
  2214 | D:4      | Reached XP level 6. HP: 37/38 MP: 7/7
  2362 | D:4      | Noticed Ijyb
  2375 | D:4      | Killed Ijyb
  2555 | D:4      | Reached XP level 7. HP: 38/44 MP: 9/9
  2578 | D:4      | Found a shimmering altar of Xom.
  2633 | D:4      | Found a staircase to the Ecumenical Temple.
  2707 | D:4      | Noticed Edmund
  2736 | D:4      | Killed Edmund
  2885 | D:4      | Reached ***** piety under Cheibriados
  2886 | D:4      | Reached skill level 5 in Maces & Flails
  3031 | D:4      | Reached skill level 8 in Maces & Flails
  3031 | D:4      | Reached skill level 5 in Armour
  3031 | D:4      | Reached skill level 5 in Dodging
  3031 | D:4      | Reached skill level 5 in Invocations
  3031 | D:4      | Reached XP level 8. HP: 43/52 MP: 14/14
  3035 | D:4      | Reached skill level 9 in Maces & Flails
  3035 | D:4      | Reached skill level 5 in Spellcasting
  3035 | D:4      | Reached skill level 5 in Evocations
  3035 | D:4      | Reached XP level 9. HP: 58/58 MP: 16/16
  3084 | D:5      | Entered Level 5 of the Dungeon
  3192 | D:5      | Found Dezaxuym's Firing Range.
  3237 | D:5      | Found a burning altar of Makhleb.
  4586 | D:7      | Noticed Prince Ribbit
  4602 | D:7      | Killed Prince Ribbit
  4668 | D:7      | Noticed Pikel
  4685 | D:7      | Killed Pikel
  4686 | D:7      | Reached XP level 10. HP: 51/64 MP: 18/18
  4863 | D:7      | Noticed a two-headed ogre
  4878 | D:7      | Killed a two-headed ogre
  4915 | D:7      | Noticed a kobold demonologist
  4920 | D:7      | Noticed a cyclops
  4933 | D:7      | Killed a cyclops
  4934 | D:7      | Reached skill level 10 in Maces & Flails
  4964 | D:7      | Killed a kobold demonologist
  5051 | D:7      | Noticed a boulder beetle
  5085 | D:7      | Killed a boulder beetle
  5139 | D:7      | Noticed a manticore
  5150 | D:7      | Killed a manticore
  5151 | D:7      | Reached XP level 11. HP: 48/68 MP: 19/19
  5187 | D:7      | Noticed Joseph
  5219 | D:7      | Killed Joseph
  5327 | D:7      | Noticed Menkaure
  5333 | D:7      | Killed Menkaure
  5497 | D:7      | Found a shimmering blue altar of Sif Muna.
  5714 | D:8      | Found a sand-covered staircase.
  5739 | Ossuary  | Entered an ossuary
  5975 | Ossuary  | Reached ****** piety under Cheibriados
  6027 | D:8      | Noticed Maggie
  6036 | D:8      | Killed Maggie
  6060 | D:8      | Learned a level 5 spell: Lee's Rapid Deconstruction
  6098 | D:8      | Found a runed translucent door.
  6104 | D:8      | Found a basalt altar of Yredelemnul.
  6166 | D:8      | Found an opulent altar of Gozag.
  6230 | D:8      | Found a broken altar of Ashenzari.
  6758 | D:8      | Noticed a two-headed ogre
  6771 | D:8      | Killed a two-headed ogre
  7030 | D:9      | Found a snail-covered altar of Cheibriados.
  7046 | D:9      | Reached skill level 1 in Earth Magic
  7091 | D:9      | Found a runed translucent gate.
  7091 | D:9      | Found a runed translucent gate.
  7091 | D:9      | Found a runed translucent gate.
  7092 | D:9      | Noticed a ten-headed hydra
  7092 | D:9      | Noticed GonguanaGonguana's ghost (novice MeEE)
  7236 | D:9      | Found a staircase to the Orcish Mines.
  7309 | D:9      | Noticed a two-headed ogre
  7342 | D:9      | Killed a two-headed ogre
  7382 | D:9      | Found a large runed translucent door.
  7385 | D:9      | Found a large runed translucent door.
  7586 | D:9      | Killed GonguanaGonguana's ghost
  7597 | D:9      | Killed a ten-headed hydra
  7598 | D:9      | Reached skill level 11 in Maces & Flails
  7598 | D:9      | Reached XP level 12. HP: 31/75 MP: 21/21
  7609 | D:9      | Identified the +3 broad axe "Korphowa" {elec, rC+ rCorr}
  7679 | D:9      | Found a hide-covered altar of Uskayaw.
  7690 | D:9      | Found an ornate altar of the Wu Jian Council.
  7719 | D:10     | Entered Level 10 of the Dungeon
  8664 | D:11     | Found a staircase to the Lair.
  8690 | D:11     | Noticed a two-headed ogre
  8700 | D:11     | Killed a two-headed ogre
  8701 | D:11     | Noticed a two-headed ogre
  8714 | D:11     | Killed a two-headed ogre
  9245 | Lair:1   | Entered Level 1 of the Lair of Beasts
  9483 | Lair:1   | Reached XP level 13. HP: 80/80 MP: 23/23
  9656 | Lair:1   | Reached skill level 12 in Maces & Flails
  9671 | Lair:1   | Noticed Sonja
  9672 | Lair:1   | Killed Sonja
  9743 | Lair:1   | Found a runed translucent gate.
 10080 | Lair:1   | Found a runed translucent gate.
 10080 | Lair:1   | Found a runed translucent gate.
 10080 | Lair:1   | Noticed zlionsfan's ghost (journeyman DjWn)
 10400 | Lair:2   | Reached skill level 5 in Earth Magic
 10716 | Lair:2   | Found a staircase to the Swamp.
 11089 | Lair:3   | Found a staircase to the Snake Pit.
 11951 | Lair:4   | Reached skill level 10 in Fighting
 11986 | Lair:4   | Noticed Rupert
 11987 | Lair:4   | Noticed Kirke
 11990 | Lair:4   | Noticed Snorg
 11993 | Lair:4   | Killed Rupert
 11994 | Lair:4   | Gained mutation: Your large and strong wings let you fly.
                  | [Gargoyle growth]
 11994 | Lair:4   | Reached XP level 14. HP: 30/88 MP: 14/25
 12000 | Lair:4   | Killed Snorg
 12003 | Lair:4   | Killed Kirke
 12684 | Lair:4   | Reached skill level 13 in Maces & Flails
 12684 | Lair:4   | Reached XP level 15. HP: 93/93 MP: 27/27
 12693 | Lair:4   | Learned a level 7 spell: Monstrous Menagerie
 12705 | Lair:5   | Entered Level 5 of the Lair of Beasts
 12785 | Lair:5   | Reached skill level 10 in Armour
 12785 | Lair:5   | Reached skill level 10 in Invocations
 12838 | Lair:5   | Reached skill level 1 in Summonings
 12932 | Lair:5   | Killed from afar by a lindwurm

Illustrated notes

Levels and vault maps discovered:
D:1:      reono_arrival_mine, layout_basic,
          shapermc_ecumenical_altar_mp_vishouse
D:2:      layout_rooms, basic_altar
D:3:      layout_basic, nicolae_overflow_hidden_temple
D:4:      layout_basic, mainiacjoe_overflow_brackets,
          minmay_temple_entry_antechambers, gup_sewer_entry_glass,
          minmay_ogre_servants, uniq_edmund, uniq_ijyb
D:5:      layout_basic, mainiacjoe_overflow_boulevard, nicolae_shop_firing_range
D:6:      layout_loops_ring, corexii_shack
D:7:      minmay_the_grid_octo_triangle [minmay_the_grid_octo_fat_diamond,
          minmay_the_grid_octo_prize_star, minmay_the_grid_octo_77],
          layout_gridville, general_overflow_altar, uniq_pikel, uniq_joseph,
          uniq_menkaure, uniq_prince_ribbit1
D:8:      layout_basic, mainiacjoe_overflow_surrounded_room,
          mainiacjoe_overflow_cross_hatched, dk_yredelemnul_ordeal,
          enter_ossuary_1, david_defended_altar_orc, uniq_maggie
D:9:      layout_rooms, mainiacjoe_overflow_six_doors_small,
          jmf_multi_god_temple2, orc_0_dummy, gammafunk_ghost_hydra_chop
D:10:     layout_loops_ring
D:11:     layout_irregular_city, minmay_lair_entry_grove
Lair:1:   layout_regular_city, gammafunk_ghost_necromancy, grunt_megastairs_4,
          uniq_sonja
Lair:2:   layout_gridlike, minmay_swamp_entry_worms
Lair:3:   layout_cave_shapes, dummy_snake_entry
Lair:4:   nzn_motion_control, layout_misc_corridors, uniq_snorg, uniq_rupert,
          uniq_kirke
Lair:5:   evilmike_catoblepas_cave, layout_concentric_octagons, slime_entry_2,
          ebering_ghost_disaster_area, dreamdust_mushroom_princess,
          serial_bayou_shore_b, infiniplex_staircase_pool_2

Skill      XL: |  1  2  3  4  5  6  7  8  9 10 11 12 13 14 15 |
---------------+----------------------------------------------+-----
Armour         | 1 2 5 6 7 8 9 10 | 10.2
Maces & Flails | 4 8 9 10 11 12 13 | 13.5
Invocations    | 1 2 5 6 7 8 9 10 | 10.1
Fighting       | 4 6 7 8 9 10 | 10.8
Dodging        | 3 5 6 7 8 |  8.2
Spellcasting   | 1 4 5 6 7 8 |  8.3
Evocations     | 1 4 5 6 7 8 |  8.5
Earth Magic    | 2 4 5 6 7 |  7.3
Summonings     | 1 |  1.6

Action                     |  1- 3 |  4- 6 |  7- 9 | 10-12 | 13-15 || total
---------------------------+-------+-------+-------+-------+-------++-------
  Melee: Mace              |    80 |    25 |       |       |       ||   105
         Flail             |       |    98 |   138 |   915 |   493 ||  1644
 Invoke: Slouch            |       |       |       |     5 |    16 ||    21
  Evoke: Wand              |       |       |       |    15 |     3 ||    18
    Use: Scroll            |     6 |     2 |     8 |     6 |    14 ||    36
         Potion            |     1 |     5 |     6 |     2 |     3 ||    17
   Stab: Petrified         |       |       |       |       |     5 ||     5
 Armour: Robe              |    26 |    20 |       |       |       ||    46
         Ring mail         |       |    27 |     9 |       |       ||    36
         Scale mail        |       |       |    56 |   281 |       ||   337
         Troll leather arm |       |       |       |   235 |   303 ||   538
  Dodge: Dodged            |    47 |   122 |    92 |   994 |   625 ||  1880
